 Dungeon Crawl Stone Soup version 0.32-a0-791-gfc315c9ecd (webtiles) character file.

Game seed: 7558076196754134984

1412 jasper the Basher (level 8, -2/78 HPs)
             Began as an Oni Monk on Mar 20, 2024.
             Was a Priest of Okawaru.
             Slain by a sky beast (5 damage)
             ... on level 7 of the Dungeon.
             The game lasted 00:08:15 (5949 turns).

jasper the Basher (Oni Monk)                        Turns: 5949, Time: 00:08:16

Health: -2/78      AC:  4    Str: 18    XL:     8   Next: 70%
Magic:  8/8        EV:  9    Int: 11    God:    Okawaru [***...]
Gold:   317        SH:  0    Dex: 11    Spells: 7/7 levels left

rFire   . . .        q - +0 flail
rCold   . . .        d - orb {light}
rNeg    . . .        b - +1 robe
rPois   .            (helmet restricted)
rElec   .            (no cloak)
rCorr   .            (gloves unavailable)
SInv    .            (boots unavailable)
Will    .....        s - amulet of the acrobat
Stlth   +            (no ring)
HPRegen 0.33/turn    (no ring)
MPRegen 0.11/turn

%: acrobat
@: glowing
A: large, unfitting armour, horns 1, tough skin 1, double potion healing,
drunken brawling
a: Renounce Religion, Heroism


You were on level 7 of the Dungeon.
You worshipped Okawaru.
Okawaru was most pleased with you.
You visited 2 branches of the dungeon, and saw 8 of its levels.

You collected 317 gold pieces.

Inventory:

Hand Weapons
 a - a +0 mace
 i - a +0 whip
 q - a +0 flail (weapon)
 y - a +1 giant spiked club
Missiles
 e - 29 stones
 n - 9 boomerangs (quivered)
 t - 6 poisoned darts
 w - 4 darts of dispersal
Armour
 b - a +1 robe (worn)
 d - an orb of light (worn)
Jewellery
 s - an amulet of the acrobat (around neck)
Wands
 p - a wand of mindburst (19)
 A - a wand of flame (10)
Scrolls
 f - 2 scrolls of immolation
 o - a scroll of teleportation
 v - a scroll of fog
 x - a scroll of amnesia
Potions
 c - 2 potions of brilliance
 g - 2 potions of curing
 h - a potion of degeneration
 j - a potion of magic {unknown}
 k - a potion of attraction {unknown}
 l - a potion of ambrosia
 m - a potion of enlightenment {unknown}
 r - a potion of heal wounds {unknown}
 u - a potion of might {unknown}


   Skills:
 - Level 4.0 Fighting
 + Level 10.9 Maces & Flails
 - Level 2.6 Dodging


You had 7 spell levels left.
You didn't know any spells.
Your spell library contained the following spells:

 Spells                   Type           Power      Damage    Failure   Level
 Inner Flame              Hex/Fire       0%         N/A       71%         3
 Irradiate                Conj/Alch      0%         3d11      100%        5
 Ignition                 Fire           0%         3d3       100%        8


Dungeon Overview and Level Annotations

Branches:
Dungeon (7/15)             Temple (1/1) D:4

Altars:
Ashenzari
Cheibriados
Fedhas
Gozag
Hepliaklqana
Kikubaaqudgha
Makhleb
Nemelex Xobeh
Okawaru
Qazlal
Ru
Vehumet
Xom
Yredelemnul
Zin

Annotations:
D:3 2 transporters, DeathSocks's ghost, amateur VSBr


Innate Abilities, Weirdness & Mutations

You are too large for most types of armour.
You have a pair of small horns on your head.
You have tough skin. (AC +1)
You gain doubled healing and magic from potions.
Whenever you drink a healing potion, you attack all around you.


Message History

Press: ? - help, Q - select action, (/) - cycle Shift-Dir - straight line, f - sky beast
Aim: a sky beast (41% to hit)
You throw a boomerang.
The boomerang closely misses the sky beast.
The sky beast flickers out of sight!
Deactivating autopickup; reactivate with Ctrl-A.
Throw: 9 boomerangs
Press: ? - help, Q - select action, (/) - cycle Shift-Dir - straight line, f - you Really target yourself? [Y]es or [N]o only, please.
Really target yourself?
Okay, then.
You swing at nothing.
You swing at nothing.
You swing at nothing.
You swing at nothing.
You hit the sky beast but do no damage. Your headbutt misses the sky beast.
The sky beast closely misses you.
You closely miss the sky beast. The sky beast misses you.
You completely miss the sky beast. The sky beast hits you.
* * * LOW HITPOINT WARNING * * *
The sky beast shocks you.
* * * LOW HITPOINT WARNING * * *
You take 5 damage, and have 17/78 hp.
You hit the sky beast.
The sky beast is lightly wounded.
The sky beast closely misses you.
You hit the sky beast but do no damage.
The sky beast is lightly wounded.
The sky beast hits you.
* * * LOW HITPOINT WARNING * * *
The sky beast shocks you.
* * * LOW HITPOINT WARNING * * *
You take 10 damage, and have 7/78 hp.
You barely miss the sky beast.
The sky beast is lightly wounded.
The sky beast hits you.
* * * LOW HITPOINT WARNING * * *
The sky beast shocks you.
You die...

#. .. .... ..
.. .... #.##.
... ##....##..
##........
#........
#.......#####.#
#.....Y@.....#
............##
#.......##..<..
###.....# .#..
#...... # .
#...##. ...# .
##.# ..


You could see a sky beast (invisible).

Vanquished Creatures
  A water moccasin (D:5)
  An orc warrior (D:6)
  An ogre (D:5)
  An ice beast (D:6)
  A phantom (D:5)
  4 scorpions
  3 wights (D:5)
  A howler monkey (D:5)
  A bombardier beetle (D:3)
  2 hounds (D:5)
  2 orc priests (D:3)
  3 sleepcaps
  3 iguanas
  Natasha (thrice) (D:3)
  An orc wizard (D:3)
  A gnoll (D:2)
  An adder (D:2)
  A shadow imp (D:3)
  2 ufetubi (D:6)
  4 dart slugs
  17 orcs
  8 endoplasms
  A giant cockroach (D:2)
  8 hobgoblins
  7 kobolds
  4 quokkas
  7 ball pythons
  6 bats
  9 frilled lizards
  6 goblins
  9 rats
119 creatures vanquished.

Notes
Turn   | Place    | Note
-------+----------+-------------------------------------------
     0 | D:1      | jasper the Oni Monk began the quest for the Orb.
     0 | D:1      | Reached XP level 1. HP: 24/24 MP: 1/1
   118 | D:1      | Reached XP level 2. HP: 25/32 MP: 2/2
   448 | D:1      | Reached skill level 4 in Maces & Flails
   460 | D:1      | Reached XP level 3. HP: 38/39 MP: 3/3
  1603 | D:2      | Reached XP level 4. HP: 48/48 MP: 4/4
  1628 | D:2      | Reached skill level 5 in Maces & Flails
  1792 | D:3      | Identified the +2 spear of Yredelemnul's Scorn {pain,
                  | ^Fragile rElec rF- Dex+7}
  1816 | D:3      | Found a transporter.
  1871 | D:3      | Found a transporter.
  2055 | D:3      | Noticed Natasha
  2064 | D:3      | Killed Natasha
  2075 | D:3      | Noticed Natasha
  2083 | D:3      | Killed Natasha
  2084 | D:3      | Reached XP level 5. HP: 19/54 MP: 5/5
  2094 | D:3      | Reached skill level 6 in Maces & Flails
  2121 | D:3      | Reached XP level 6. HP: 20/62 MP: 6/6
  2174 | D:3      | Noticed Natasha
  2183 | D:3      | Killed Natasha
  2614 | D:3      | Noticed DeathSocks's ghost (amateur VSBr)
  2777 | D:4      | Reached skill level 7 in Maces & Flails
  2841 | D:4      | Reached XP level 7. HP: 22/70 MP: 7/7
  3086 | D:4      | Found a staircase to the Ecumenical Temple.
  3173 | Temple   | Entered the Ecumenical Temple
  3179 | Temple   | Became a worshipper of Warmaster Okawaru
  3179 | Temple   | Reached * piety under Okawaru
  3179 | Temple   | Reached ** piety under Okawaru
  3679 | D:4      | Reached skill level 8 in Maces & Flails
  3830 | D:4      | Identified the +4 ring mail of Noon {Stlth+}
  3960 | D:5      | Entered Level 5 of the Dungeon
  4477 | D:5      | Reached skill level 9 in Maces & Flails
  4640 | D:5      | Reached XP level 8. HP: 58/78 MP: 8/8
  5039 | D:5      | Found a snail-covered altar of Cheibriados.
  5077 | D:5      | Identified the +0 buckler of Responsibility {rF++}
  5094 | D:5      | You fall into a shaft and drop 1 floor!
  5350 | D:5      | Reached skill level 10 in Maces & Flails
  5513 | D:5      | Reached *** piety under Okawaru
  5890 | D:6      | Found a hazy altar of Hepliaklqana.
  5949 | D:7      | HP: 3/78 [sky beast (4)]
  5949 | D:7      | Slain by a sky beast

Illustrated notes

Levels and vault maps discovered:
D:1:      dpeg_arrival_solitude, layout_basic
D:2:      layout_loops_ring, chequers_serial_rivers_room_b, minmay_box_of_dots
D:3:      cheibrodos_pilgrimage, layout_loops_ring,
          gammafunk_ghost_gnarly_gnolls, serial_glass, glass_columns_c,
          glass_columns_b, due_unseen_surprise, uniq_natasha
D:4:      layout_loops_ring, temple_doors_ab, minmay_fractal_squares_diagonal_5
D:5:      layout_basic, kennysheep_mini, minmay_liquid_box, minivault_27
D:6:      layout_basic, nicolae_overflow_crystal_walls, kennysheep_little_box,
          nicolae_shop_i_like_small_books_too, grunt_ministairs_13,
          uniq_menkaure
D:7:      layout_cave_pools, nicolae_overflow_hallway_of_the_gods,
          serial_rivers, chequers_serial_rivers_micro_e,
          chequers_serial_rivers_micro_a, chequers_serial_rivers_marsh,
          chequers_serial_rivers_micro_b, uniq_maurice
Temple:   compressed_dpeg_triangle_lava_temple

Skill      XL: |  1  2  3  4  5  6  7  8 |
---------------+-------------------------+-----
Maces & Flails | 4 5 6 7 9 10 | 10.9
Fighting       | |  4.0
Dodging        | |  2.6

Action                     |  1- 3 |  4- 6 |  7- 9 || total
---------------------------+-------+-------+-------++-------
  Melee: Mace              |    49 |       |       ||    49
         Headbutt          |    16 |    31 |    58 ||   105
         Whip              |    46 |   118 |   183 ||   347
         Flail             |       |       |    17 ||    17
  Throw: Stone             |       |    15 |       ||    15
         Boomerang         |       |       |    25 ||    25
 Invoke: Heroism           |       |       |     1 ||     1
  Evoke: Wand              |       |     6 |     5 ||    11
    Use: Scroll            |     2 |       |     9 ||    11
         Potion            |       |     2 |       ||     2
 Armour: Robe              |    54 |    59 |    92 ||   205
  Dodge: Dodged            |    39 |    53 |    69 ||   161

Table legend: (Time is in decaauts)
 A = Elapsed time spent in this place.
 B = Non-inter-level travel time spent in this place.
 C = Inter-level travel time spent in this place.
 D = Time resting spent in this place.
 E = Time spent auto-exploring this place.
 F = Levels seen in this place.
 G = Mean time per level.
                   A        B        C        D        E       F      G
               +--------+--------+--------+--------+--------+-----+--------+
         Total |   5872 |   5603 |    269 |    607 |   4023 |   8 |  734.0 |
       Dungeon |   5859 |   5595 |    264 |    607 |   4023 |   7 |  837.0 |
        Temple |     12 |      7 |      5 |      0 |      0 |   1 |   12.0 |
               +--------+--------+--------+--------+--------+-----+--------+

Top non-repeatable levels by time:
     D:5: 1727 daAuts
     D:4: 1214 daAuts
     D:3: 929 daAuts
     D:2: 925 daAuts
     D:1: 842 daAuts
     D:6: 210 daAuts
  Temple: 12 daAuts
     D:7: 10 daAuts
